 Dungeon Crawl Stone Soup version 0.31.0-7-gf635a9b802 (webtiles) character file.

Game seed: 4882403999495729505

998 sanka the Skirmisher (level 8, -2/63 HPs)
             Began as a Minotaur Hunter on Jan 23, 2024.
             Was a Follower of Dithmenos.
             Engulfed by a steam dragon's steam (14 damage)
             ... on level 6 of the Dungeon.
             The game lasted 00:06:49 (3547 turns).

sanka the Skirmisher (Minotaur Hunter)              Turns: 3547, Time: 00:06:50

Health: -2/63      AC: 11    Str: 16    XL:     8   Next: 0%
Magic:  7/7        EV: 11    Int:  6    God:    Dithmenos [*.....]
Gold:   270        SH:  0    Dex: 16    Spells: 7/7 levels left

rFire   . . .        a - +0 shortbow
rCold   + . .        (shield currently unavailable)
rNeg    . . .        k - +4 ring mail {rC+}
rPois   .            (helmet restricted)
rElec   .            (no cloak)
rCorr   .            c - +0 pair of gloves
SInv    .            w - +0 pair of boots
Will    +....        (no amulet)
Stlth   +            q - ring of flight
HPRegen 0.30/turn    C - ring of willpower
MPRegen 0.10/turn

%: no passive effects
@: flying, wreathed by umbra
A: horns 2, retaliatory headbutt
a: Renounce Religion


You were on level 6 of the Dungeon.
You worshipped Dithmenos.
Dithmenos was aware of your devotion.
You visited 2 branches of the dungeon, and saw 8 of its levels.

You collected 270 gold pieces.


Innate Abilities, Weirdness & Mutations

You have a pair of horns on your head.
You reflexively headbutt those who attack you in melee.


   Skills:
 - Level 3.0 Fighting
 + Level 10.9 Ranged Weapons
 - Level 2.1 Dodging
 - Level 0.7 Stealth


You had 7 spell levels left.
You didn't know any spells.
Your spell library contained the following spells:

 Spells                   Type           Power      Damage    Failure   Level
 Kiss of Death            Conj/Necr      0%         2d5       67%         1
 Confusing Touch          Hex            0%         N/A       96%         3
 Volatile Blastmotes      Fire/Tloc      0%         2d10      96%         3
 Dispel Undead            Necr           0%         3d6       100%        4
 Fulminant Prism          Conj/Alch      0%         3d5       100%        4
 Iskenderun's Mystic Bla  Conj/Tloc      0%         2d3       100%        4

Inventory:

Hand Weapons
 a - a +0 shortbow (weapon)
 b - a +7 long sword of freezing
 F - the +7 short sword of Vuttuejio {holy, Dex+5}

   Dex+5:     It affects your dexterity (+5).
Armour
 c - a +0 pair of gloves (worn)
 k - a +4 ring mail of cold resistance (worn)
 w - a +0 pair of boots (worn)
 B - a scarf of shadows
Magical Staves
 i - a staff of death
Jewellery
 q - a ring of flight (left hand)
 C - a ring of willpower (right hand)
Scrolls
 d - 2 scrolls of poison {unknown}
 f - a scroll of enchant weapon {unknown}
 g - 3 scrolls of teleportation {@r4}
 l - 2 scrolls of identify {unknown}
 o - a scroll of butterflies
 r - a scroll of vulnerability {unknown}
 s - a scroll of fog {unknown}
 t - a scroll of silence {unknown}
 v - a scroll of immolation {unknown}
 x - 2 scrolls of amnesia {unknown}
 y - a scroll of enchant armour {unknown}
 A - a scroll of noise {unknown}
 D - 3 scrolls of revelation {unknown}
 E - a scroll of fear {unknown}
Potions
 e - 3 potions of curing {unknown}
 h - a potion of brilliance {unknown}
 j - a potion of heal wounds {@q2}
 m - a potion of degeneration {unknown}
 n - a potion of enlightenment {unknown}
 p - 2 potions of cancellation {unknown}
 u - 2 potions of magic {unknown}
 z - a potion of invisibility {unknown}

Dungeon Overview and Level Annotations

Branches:
Dungeon (7/15)             Temple (1/1) D:4

Altars:
Ashenzari
Cheibriados
Dithmenos
Elyvilon
Fedhas
Gozag
Hepliaklqana
Kikubaaqudgha
Makhleb
Okawaru
Qazlal
Sif Muna
Trog
Vehumet
Wu Jian
Xom
Yredelemnul
Zin
The Shining One

▒.......▒ ▒.......▒
▒.......▒ ▒.......▒
▒..<....▒▒.. ▒........>...
▒▒▒............
▒.............).
▒....H.[.........
▒▒..▒#.#.........
▒▒..###............▒
▒▒▒##.............▒▒
▒▒.#..............
▒▒▒▒▒▒▒▒▒▒▒...............
▒...........D...▒▒▒ ▒.▒...
▒......"...▒▒..▒▒ ▒#▒...
▒.........▒▒▒..▒▒▒▒▒▒..)..


There were no monsters in sight!


Message History

You feel stronger. The orc hits you but does no damage.
The orc attacks as it pursues you! The orc hits you with a +0 mace.
* * * LOW HITPOINT WARNING * * *
The orc is engulfed in a cloud of scalding steam.
The orc dies!
The steam dragon breathes steam at you. The ball of steam hits you!
* * * LOW HITPOINT WARNING * * *
It was a potion of heal wounds.
The steam dragon closely misses you. You furiously retaliate!
You headbutt the steam dragon!
The steam dragon claws you but does no damage.
The steam dragon breathes steam at you. The ball of steam hits you.
* * * LOW HITPOINT WARNING * * *
Things that are here:
a +0 hand axe; an orc corpse You are engulfed in a cloud of scalding steam.
* * * LOW HITPOINT WARNING * * *
Items here: )) [[[.
The steam dragon breathes steam at you. The ball of steam hits you!
* * * LOW HITPOINT WARNING * * *
The steam dragon breathes steam at you. The ball of steam misses you.
You are engulfed in a cloud of scalding steam.
You die...

Action                     |  1- 3 |  4- 6 |  7- 9 || total
---------------------------+-------+-------+-------++-------
  Melee: Short sword       |       |     7 |       ||     7
         Shortbow          |       |     3 |       ||     3
   Fire: Shortbow          |   129 |   113 |   104 ||   346
    Use: Scroll            |       |       |     1 ||     1
         Potion            |       |       |     1 ||     1
 Armour: Leather armour    |     6 |       |       ||     6
         Ring mail         |    25 |    57 |    39 ||   121
  Dodge: Dodged            |    29 |    44 |    37 ||   110

Levels and vault maps discovered:
D:1:      dpeg_arrival_simpleton_c, layout_basic
D:2:      layout_rooms
D:3:      layout_basic, nicolae_wormholes
D:4:      layout_basic, overflow_temple_1_default,
          minmay_temple_entry_mini_moons, minmay_mini_ossuary
D:5:      layout_basic
D:6:      cheibrodos_iron_armory, layout_rooms,
          chequers_temple_overflow_statue_of_worship, uniq_crazy_yiuf_cottage
D:7:      layout_loops_ring
Temple:   regret_index_temple_mists

Notes
Turn   | Place    | Note
-------+----------+-------------------------------------------
     0 | D:1      | sanka the Minotaur Hunter began the quest for the Orb.
     0 | D:1      | Reached XP level 1. HP: 18/18 MP: 0/0
   212 | D:1      | Reached skill level 3 in Fighting
   212 | D:1      | Reached XP level 2. HP: 26/26 MP: 1/1
   571 | D:2      | Reached skill level 5 in Ranged Weapons
   709 | D:2      | Reached XP level 3. HP: 31/31 MP: 2/2
   762 | D:2      | Identified the +7 short sword of Vuttuejio {holy, Dex+5}
  1429 | D:3      | Reached XP level 4. HP: 38/38 MP: 3/3
  1436 | D:3      | Reached skill level 6 in Ranged Weapons
  1650 | D:4      | Found a staircase to the Ecumenical Temple.
  1650 | D:4      | Noticed a scorpion
  1656 | D:4      | Killed a scorpion
  1734 | D:4      | Reached XP level 5. HP: 44/45 MP: 4/4
  1761 | Temple   | Entered the Ecumenical Temple
  1782 | Temple   | Became a worshipper of Dithmenos the Shadowed
  1844 | D:4      | Reached skill level 7 in Ranged Weapons
  1982 | D:4      | Found a white marble altar of Elyvilon.
  2081 | D:4      | Noticed a black bear
  2092 | D:4      | Killed a black bear
  2093 | D:4      | Reached XP level 6. HP: 34/51 MP: 5/5
  2099 | D:4      | Reached skill level 8 in Ranged Weapons
  2312 | D:4      | Reached skill level 9 in Ranged Weapons
  2507 | D:5      | Entered Level 5 of the Dungeon
  2574 | D:5      | Reached XP level 7. HP: 51/57 MP: 6/6
  2675 | D:5      | Reached * piety under Dithmenos
  3348 | D:6      | You are sucked into a shaft and drop 1 floor!
  3393 | D:6      | Noticed a steam dragon
  3408 | D:6      | Reached skill level 10 in Ranged Weapons
  3527 | D:6      | Reached XP level 8. HP: 30/63 MP: 7/7
  3547 | D:6      | Engulfed by a steam dragon's steam

Vanquished Creatures
  2 black bears
  An ogre (D:4)
  2 scorpions (D:4)
  4 wights (D:6)
  A howler monkey (D:5)
  A jelly (D:6)
  An orc priest (D:6)
  3 hounds
  An iguana (D:5)
  2 orc wizards
  A mummy (D:4)
  3 adders
  2 ufetubi (D:5)
  2 dart slugs
  6 ribbon worms
  9 orcs
  6 bats
  7 endoplasms
  2 giant cockroaches
  4 goblins (D:4)
  5 hobgoblins
  A kobold (D:1)
  3 quokkas
  5 ball pythons
  3 frilled lizards
  2 hobgoblin zombies (D:4)
  A kobold zombie (D:4)
  An orc zombie (D:4)
  5 rats
86 creatures vanquished.

Vanquished Creatures (others)
  An orc (D:6)
1 creature vanquished.

Grand Total: 87 creatures vanquished
